cohdb
Replays
Latest Replays
All Replays
Popular Replays
Top Player Replays
Match Explorer
How It Works
Community
CoH3 Stats
Reddit
Sign in to upload your games and track your stats! →
Sign in with Steam
Match 45459798
Unlisted
Match 45459798
Overview
Messages
Build Orders
End
Engineer Squad
Construct Barracks
Selects Armored Battlegroup
Riflemen Squad
1⁄4-ton 4x4 Truck
Riflemen Squad
Selects Veteran Crews
Infantry Support Center
Riflemen Squad
Construct Motor Pool
M8 Greyhound Armored Car
Selects Fast Deploy
Construct Medical Station
Grenade Package
M1 Anti-tank Gun Team
M1918 Browning Automatic Rifles
Selects M31 Recovery Vehicle
Selects War Machine
M8 Greyhound Armored Car
Construct Tank Depot
Selects M8 Scott SPG
Selects Seek and Destroy
Selects UNKNOWN (2160077)
M4A3E8 Sherman Easy Eight
M4A1 Sherman Medium Tank
M1918 Browning Automatic Rifles
KevinTDW
Desert Fox
0
0
Comments
sign in to comment!
No comments posted yet!